 Dungeon Crawl Stone Soup version 0.27.0-1-g7a089689b8 (webtiles) character file.

Game seed: 7998914909057655726

478 MajorAdolf the Sneak (level 7, 0/66 HPs)
             Began as a Naga Wanderer on Aug 13, 2021.
             Slain by Dowan (6 damage)
             ... on level 5 of the Dungeon.
             The game lasted 00:13:00 (6066 turns).

MajorAdolf the Sneak (Naga Wanderer)                Turns: 6066, Time: 00:13:00

Health: 0/66       AC:  8    Str: 14    XL:     7   Next: 11%
Magic:  11/11      EV:  8    Int: 15    God:
Gold:   216        SH:  0    Dex: 10    Spells: 11/12 levels left

rFire    . . .     SeeInvis +   f - +3 dagger (venom)
rCold    + + .     Faith    .   (no shield)
rNeg     . . .     Spirit   .   n - +2 leather armour {rC+}
rPois    +         Reflect  .   (no helmet)
rElec    .         Harm     .   (no cloak)
rCorr    .         Rampage  .   i - +2 pair of gloves {Stlth+}
Will     .....                  (no barding)
Stlth    ++........             (no amulet)
HPRegen  0.21/turn              c - ring of protection from cold
MPRegen  0.12/turn              (no ring)

@: lit by a corona, glowing, very slow
A: AC +2, large, see invisible, deformed body, poison resistance, slowness 2,
spit poison 1, naga tail 1
a: Spit Poison


You were on level 5 of the Dungeon.
You visited 1 branch of the dungeon, and saw 6 of its levels.

You collected 216 gold pieces.

Inventory:

Hand Weapons
 a - a +2 spear
 f - a +3 dagger of venom (weapon)
Missiles
 b - a throwing net
 g - 30 poisoned darts
Armour
 i - a +2 pair of gloves of stealth (worn)
 n - a +2 leather armour of cold resistance (worn)
Jewellery
 c - a ring of protection from cold (left hand)
Wands
 k - a wand of polymorph (9)
Scrolls
 d - a scroll of amnesia
 m - a scroll of vulnerability
Potions
 e - a potion of might {unknown}
 h - a potion of curing
 l - a potion of degeneration {unknown}
 o - a potion of heal wounds {unknown}
 q - a potion of lignification {unknown}


   Skills:
 + Level 4.4 Fighting
 + Level 5.1 Stealth
 + Level 3.3 Spellcasting
 + Level 4.9 Necromancy
 - Level 2.6 Poison Magic
 - Level 1.0 Evocations


You had 11 spell levels left.
You knew the following spells:

 Your Spells              Type           Power      Damage    Failure   Level
a - Pain                  Necr           68%        1d7       3%          1

Your spell library contained the following spells:

 Spells                   Type           Power      Damage    Failure   Level
 Vampiric Draining        Necr           8%         2d7       10%         3
 Corpse Rot               Necr/Air       N/A        N/A       14%         2
 Static Discharge         Conj/Air       2%         N/A       36%         2


Dungeon Overview and Level Annotations

Branches:
Dungeon (6/15)
 Temple: D:4-7

Altars:
Dithmenos
Nemelex Xobeh
Trog
Xom

Shops:
D:2 :

Annotations:
D:3 2 transporters, 1 runed translucent door, Crazy Yiuf
D:5 exclusion: ogre, Dowan


Innate Abilities, Weirdness & Mutations

Your serpentine skin is tough. (AC +2)
You have supernaturally acute eyesight. (SInv)
Armour fits poorly on your strangely shaped body.
Your system is resistant to poisons. (rPois)
You cover ground very slowly.
You can spit poison.
You have a snake-like lower body.


Message History

Duvessa hits you but does no damage. Dowan hits you with a +0 dagger.
Unknown command.
You closely miss Duvessa.
Duvessa is almost dead.
Duvessa hits you with a +0 short sword! Dowan hits you with a +0 dagger.
Unknown command.
You hit Duvessa but do no damage.
Duvessa looks as sick as possible!
Duvessa is almost dead.
Dowan hits you with a +0 dagger.
* * * LOW HITPOINT WARNING * * *
Duvessa zaps a wand.
The puff of flame hits you!
* * * LOW HITPOINT WARNING * * *
Unknown command.
You hit Duvessa but do no damage.
Duvessa is almost dead.
You kill Duvessa!
Dowan's eyes darken. "You have made a black mistake."
Dowan seems to find hidden reserves of power!
Dowan hits you but does no damage.
Your Stealth skill increases to level 5!
You have reached level 7!
You feel better. Dowan closely misses you. Dowan hits you but does no damage.
Unknown command.
You miss Dowan. Dowan barely misses you.
You hit Dowan.
Dowan is lightly wounded.
Dowan hits you with a +0 dagger.
* * * LOW HITPOINT WARNING * * *
Dowan hits you with a +0 dagger.
* * * LOW HITPOINT WARNING * * *
Unknown command.
You closely miss Dowan.
Dowan is lightly wounded.
Dowan hits you but does no damage.
You hit Dowan but do no damage.
Dowan is poisoned.
Dowan is lightly wounded.
Dowan hits you with a +0 dagger.
* * * LOW HITPOINT WARNING * * *
Dowan hits you with a +0 dagger.
You die...

#.....#......#..#
#.....#......# ..
#.....#......# .
#.....'......#
#....##......#
#....#.........
#....#.........
#....#.....(...O
#..@)#.........
####e#.........
#....#########
#.....#.....#
#.....#.....#
#.....#<....#
#.....#.....#
#.....#.....#
#.....#.....#


You could see Dowan (fast, very poisoned).

Vanquished Creatures
  Duvessa (D:5)
  A scorpion (D:4)
  2 hounds
  Ijyb (D:3)
  Terence (D:3)
  2 iguanas (D:4)
  An orc wizard (D:4)
  A howler monkey skeleton (D:4)
  2 adders (D:4)
  A shadow imp (D:4)
  A worm (D:2)
  2 dart slugs (D:3)
  8 orcs
  7 endoplasms
  3 giant cockroaches
  5 goblins
  6 hobgoblins
  12 jackals
  5 kobolds
  3 quokkas
  5 ball pythons
  4 bats
  2 frilled lizards (D:2)
  5 rats
81 creatures vanquished.

Vanquished Creatures (others)
  6 plants (D:3)
6 creatures vanquished.

Grand Total: 87 creatures vanquished

Notes
Turn   | Place    | Note
-------+----------+-------------------------------------------
     0 | D:1      | MajorAdolf the Naga Wanderer began the quest for the Orb.
     0 | D:1      | MajorAdolf set off with the following items: a +2 spear, a
                  | +0 robe; and the following spell memorised: Pain; and the
                  | following spells available to memorise: Corpse Rot,
                  | Vampiric Draining, Static Discharge
     0 | D:1      | Reached XP level 1. HP: 21/21 MP: 1/1
    97 | D:1      | Reached skill level 2 in Stealth
   123 | D:1      | Reached XP level 2. HP: 7/28 MP: 0/2
  1779 | D:1      | Reached XP level 3. HP: 31/34 MP: 0/3
  2651 | D:2      | Found a faded altar of an unknown god.
  2829 | D:2      | Found Diss's Book Shoppe.
  3301 | D:3      | Found a transporter.
  3308 | D:3      | Found a shimmering altar of Xom.
  3369 | D:3      | Found a transporter.
  3390 | D:3      | Identified the +9 trident of Kyuzaonk {vamp, rElec rF-
                  | Str+6 Stlth+}
  3390 | D:3      | Identified the +0 ring mail "Ydwanisarch" {*Corrode rN+++
                  | Dex-4 Slay+2}
  3390 | D:3      | Noticed a gnoll sergeant
  3549 | D:3      | Noticed Terence
  3562 | D:3      | Killed Terence
  3563 | D:3      | Reached skill level 1 in Spellcasting
  3563 | D:3      | Reached XP level 4. HP: 32/42 MP: 1/5
  3577 | D:3      | Noticed Ijyb
  4121 | D:3      | Found a sparkling altar of Nemelex Xobeh.
  4227 | D:3      | Killed Ijyb
  4228 | D:3      | Reached skill level 3 in Stealth
  4361 | D:3      | Found a runed translucent door.
  4362 | D:3      | Noticed Crazy Yiuf
  4483 | D:3      | Reached XP level 5. HP: 38/49 MP: 7/7
  5270 | D:4      | Reached skill level 4 in Stealth
  5270 | D:4      | Reached XP level 6. HP: 19/57 MP: 9/9
  5594 | D:4      | Found a shadowy altar of Dithmenos.
  5594 | D:4      | Found a bloodstained altar of Trog.
  5922 | D:5      | Entered Level 5 of the Dungeon
  5963 | D:5      | Identified a scroll of acquirement
  5963 | D:5      | Acquired a +2 pair of gloves of stealth
  6039 | D:5      | Noticed Duvessa
  6040 | D:5      | Noticed Dowan
  6061 | D:5      | Killed Duvessa
  6062 | D:5      | Reached skill level 5 in Stealth
  6062 | D:5      | Reached XP level 7. HP: 8/66 MP: 11/11
  6066 | D:5      | Slain by Dowan

Illustrated notes

Levels and vault maps discovered:
D:1:      dpeg_arrival_tiny_d, layout_basic
D:2:      layout_rooms, serial_shops, shop_fountains,
          hellmonk_ecumenical_altar_pennies_from_heaven, serial_bayou_ford_a
D:3:      layout_rooms, xom_butterflies, nemelex_spade_bored_becter,
          gammafunk_ghost_gnarly_gnolls, uniq_crazy_yiuf_cottage, uniq_ijyb,
          uniq_terence
D:4:      layout_rooms, grunt_temple_overflow_open
D:5:      layout_gridville, nicolae_ossuary_entry_plus,
          hangedman_abyss_or_decor_lesser_grid, uniq_menkaure, uniq_duvessa,
          uniq_sigmund
D:6:      layout_loops_ring, uniq_edmund

Skill      XL: |  1  2  3  4  5  6 |
---------------+-------------------+-----
Stealth        | 2 3 4 5 |  5.1
Spellcasting   | 1 2 3 |  3.3
Necromancy     | 4 |  4.9
Fighting       | 4 |  4.4
Poison Magic   | |  2.6
Evocations     | |  1.0

Action                   |  1- 3 |  4- 6 |  7- 9 || total
-------------------------+-------+-------+-------++-------
Melee: Spear             |    35 |       |       ||    35
       Dagger            |    25 |   142 |     4 ||   171
 Cast: Pain              |    30 |     2 |       ||    32
 Abil: Spit Poison       |    22 |     5 |       ||    27
  Use: Scroll            |       |     5 |       ||     5
       Potion            |       |       |     1 ||     1
 Stab: Sleeping          |     2 |     4 |       ||     6
Armor: Robe              |     7 |    11 |       ||    18
       Leather armour    |       |    34 |     2 ||    36
Dodge: Dodged            |    30 |    59 |     2 ||    91
